NYP
ROME BRAVES @ BOISE HAWKS
06/13/2044
 
TOP OF THE 1ST
Rome Braves batting - Pitching for Boise Hawks : RHP Diego Arredondo
Pitching: RHP Diego Arredondo
Batting: LHB J.P. Olson 0-0: Foul Ball, location: 2F
0-1: Swinging Strike
0-2: Ball
1-2: Ball
2-2: Foul Ball, location: 2F
2-2: Ball
3-2: Base on Balls
Batting: RHB Brandon Burrell 0-0: Ball
1-0: Swinging Strike
1-1: Foul Ball, location: 2F
1-2: Strikes out swinging
Batting: LHB Curt Nelson 0-0: Ball
1-0: Foul Ball, location: 2F
1-1: Ball
2-1: Ball
J.P. Olson steals 2nd base
3-1: Ground out 4-3 (Groundball, 4, EV 81.2 MPH)
J.P. Olson to third
Batting: RHB Ike Trout 0-0: Swinging Strike
0-1: Foul Ball, location: 2F
0-2: Hit by Pitch
Batting: LHB Mike Tenorio 0-0: Ball
1-0: Ball
2-0: Foul Ball, location: 2F
2-1: Ball
3-1: Base on Balls
Ike Trout to second
Batting: RHB Badr al Din Ridha 0-0: Ground out 5-3 (Groundball, 56S, EV 90.6 MPH)
Top of the 1st over - 0 runs, 0 hits, 0 errors, 3 left on base; Rome 0 - Boise 0
BOTTOM OF THE 1ST
Boise Hawks batting - Pitching for Rome Braves : LHP Ron Duffy
Pitching: LHP Ron Duffy
Batting: LHB Greg Valenzuela 0-0: Ball
1-0: Ball
2-0: Foul Ball, location: 2F
2-1: Fly out, F8 (Line Drive, 8LM, EV 103.8 MPH)
Batting: LHB Steve Gilliam 0-0: Ball
1-0: Called Strike
1-1: Called Strike
1-2: Strikes out swinging
Batting: RHB Ryan Rinaldi 0-0: Ball
1-0: Ball
2-0: Ground out 6-3 (Groundball, 6, EV 82.5 MPH)
Bottom of the 1st over - 0 runs, 0 hits, 0 errors, 0 left on base; Rome 0 - Boise 0
TOP OF THE 2ND
Rome Braves batting - Pitching for Boise Hawks : RHP Diego Arredondo
Batting: RHB Alex Velasquez 0-0: Ball
1-0: Foul Ball, location: 2F
1-1: Foul Ball, location: 2F
1-2: Strikes out swinging
Batting: LHB Joe Phillips 0-0: Swinging Strike
0-1: Called Strike
0-2: Strikes out swinging
Batting: SHB Juan Aguilar 0-0: Fly out, F8 (Flyball, 78D, EV 104.4 MPH)
Top of the 2nd over - 0 runs, 0 hits, 0 errors, 0 left on base; Rome 0 - Boise 0
BOTTOM OF THE 2ND
Boise Hawks batting - Pitching for Rome Braves : LHP Ron Duffy
Batting: RHB Elias Urbina 0-0: Ball
1-0: Called Strike
1-1: Foul Ball, location: 2F
1-2: Foul Ball, location: 2F
1-2: Strikes out swinging
Batting: LHB Eddie Gonzalez 0-0: Called Strike
0-1: Ball
1-1: Called Strike
1-2: Strikes out looking
Batting: LHB Glenn Lowther 0-0: Called Strike
0-1: Foul Ball, location: 2F
0-2: Fly out, F7 (Flyball, 7LS, EV 91.9 MPH)
Bottom of the 2nd over - 0 runs, 0 hits, 0 errors, 0 left on base; Rome 0 - Boise 0
TOP OF THE 3RD
Rome Braves batting - Pitching for Boise Hawks : RHP Diego Arredondo
Batting: LHB J.P. Olson 0-0: Ball
1-0: Ball
2-0: Called Strike
2-1: Foul Ball, location: 2F
2-2: SINGLE (Groundball, 56S, EV 56.2 MPH) (infield hit)
Batting: RHB Brandon Burrell 0-0: Ball
1-0: Fielders Choice at 2nd, 5-4 (Groundball, 5, EV 92.5 MPH)
Batting: LHB Curt Nelson 0-0: Ball
1-0: Foul Ball, location: 2F
1-1: Ball
2-1: TRIPLE (Groundball, 3L, EV 111.2 MPH)
Brandon Burrell scores
Batting: RHB Ike Trout 0-0: Called Strike
0-1: Called Strike
0-2: Foul Ball, location: 2F
0-2: Ball
1-2: Strikes out swinging
Batting: LHB Mike Tenorio 0-0: Ball
1-0: Ball
2-0: Ball
3-0: Base on Balls
Batting: RHB Badr al Din Ridha 0-0: SINGLE (Flyball, 8RS, EV 96.9 MPH)
Curt Nelson scores
Mike Tenorio to second
Batting: RHB Alex Velasquez 0-0: Called Strike
0-1: Called Strike
0-2: Strikes out swinging
Top of the 3rd over - 2 runs, 3 hits, 0 errors, 2 left on base; Rome 2 - Boise 0
BOTTOM OF THE 3RD
Boise Hawks batting - Pitching for Rome Braves : LHP Ron Duffy
Batting: RHB Matt Cone 0-0: Swinging Strike
0-1: Called Strike
0-2: Ball
1-2: Ground out 4-3 (Groundball, 34, EV 103.8 MPH)
Batting: LHB Mike Clark 0-0: Ball
1-0: Ball
2-0: Called Strike
2-1: Foul Ball, location: 2F
2-2: Foul Ball, location: 2F
2-2: Ground out 4-3 (Groundball, 4, EV 83.1 MPH)
Batting: RHB Keith Giarratano 0-0: Ball
1-0: Ball
2-0: Ball
3-0: Called Strike
3-1: Foul Ball, location: 2F
3-2: SINGLE (Groundball, 4D, EV 99.4 MPH)
Batting: LHB Greg Valenzuela 0-0: Foul Ball, location: 2F
0-1: Ball
1-1: Swinging Strike
1-2: Single, Error in OF, E8, batter to second base (Line Drive, 8LS, EV 88.8 MPH)
Keith Giarratano to third
Batting: LHB Steve Gilliam 0-0: Foul Ball, location: 2F
0-1: Swinging Strike
0-2: Fly out, F7 (Flyball, 78D, EV 95.6 MPH)
Bottom of the 3rd over - 0 runs, 2 hits, 1 error, 2 left on base; Rome 2 - Boise 0
TOP OF THE 4TH
Rome Braves batting - Pitching for Boise Hawks : RHP Diego Arredondo
Batting: LHB Joe Phillips 0-0: Called Strike
0-1: Foul Ball, location: 2F
0-2: Strikes out swinging
Batting: SHB Juan Aguilar 0-0: Called Strike
0-1: Ball
1-1: SINGLE (Groundball, 4MD, EV 105.0 MPH)
Batting: LHB J.P. Olson 0-0: Called Strike
0-1: Called Strike
0-2: Strikes out looking
Batting: RHB Brandon Burrell 0-0: Called Strike
0-1: Ball
1-1: Ball
2-1: 2-RUN HOME RUN (Flyball, 89XD, EV 104.4 MPH), Distance : 391 ft
Batting: LHB Curt Nelson 0-0: Called Strike
0-1: Ball
1-1: Ball
2-1: Swinging Strike
2-2: Foul Ball, location: 2F
2-2: Ball
3-2: Ground out 4-3 (Groundball, 4, EV 96.9 MPH)
Top of the 4th over - 2 runs, 2 hits, 0 errors, 0 left on base; Rome 4 - Boise 0
BOTTOM OF THE 4TH
Boise Hawks batting - Pitching for Rome Braves : LHP Ron Duffy
Batting: RHB Ryan Rinaldi 0-0: Ball
1-0: Foul Ball, location: 2F
1-1: Ball
2-1: Foul Ball, location: 2F
2-2: Ball
3-2: Strikes out swinging
Batting: RHB Elias Urbina 0-0: Ball
1-0: Foul Ball, location: 2F
1-1: Ball
2-1: Called Strike
2-2: Ground out 5-3 (Groundball, 5S, EV 80.6 MPH)
Batting: LHB Eddie Gonzalez 0-0: Swinging Strike
0-1: Swinging Strike
0-2: Strikes out looking
Bottom of the 4th over - 0 runs, 0 hits, 0 errors, 0 left on base; Rome 4 - Boise 0
TOP OF THE 5TH
Rome Braves batting - Pitching for Boise Hawks : RHP Diego Arredondo
Batting: RHB Ike Trout 0-0: Ball
1-0: Ball
2-0: Foul Ball, location: 2F
2-1: Foul Ball, location: 2F
2-2: Ball
3-2: Foul Ball, location: 2F
3-2: Base on Balls
Batting: LHB Mike Tenorio 0-0: Called Strike
0-1: Ball
1-1: SINGLE (Flyball, 8RS, EV 85.0 MPH)
Ike Trout to second
Batting: RHB Badr al Din Ridha 0-0: Ball
1-0: Fly out, F6 (Line Drive, 6, EV 71.2 MPH)
Batting: RHB Alex Velasquez 0-0: Called Strike
0-1: Fielders Choice at 2nd, 4-6 (Groundball, 4, EV 92.5 MPH)
Ike Trout to third
Batting: LHB Joe Phillips 0-0: Called Strike
0-1: Ball
1-1: SINGLE (Line Drive, 6D, EV 98.1 MPH)
Ike Trout scores
Alex Velasquez to second
Runner from 2nd tries for 3rd, SAFE, throw by LF made to third
Pitching: RHP Angelo Ayala
Batting: SHB Juan Aguilar 0-0: Ball
1-0: Swinging Strike
1-1: Foul Ball, location: 2F
1-2: Strikes out swinging
Top of the 5th over - 1 run, 2 hits, 0 errors, 2 left on base; Rome 5 - Boise 0
BOTTOM OF THE 5TH
Boise Hawks batting - Pitching for Rome Braves : LHP Ron Duffy
Batting: LHB Glenn Lowther 0-0: Called Strike
0-1: Ball
1-1: Ground out U3 (Groundball, 34, EV 85.0 MPH)
Batting: RHB Matt Cone 0-0: Ground out 6-3 (Groundball, 6, EV 87.5 MPH)
Batting: LHB Mike Clark 0-0: Ground out 4-3 (Groundball, 4, EV 85.0 MPH)
Bottom of the 5th over - 0 runs, 0 hits, 0 errors, 0 left on base; Rome 5 - Boise 0
TOP OF THE 6TH
Rome Braves batting - Pitching for Boise Hawks : RHP Angelo Ayala
Batting: LHB J.P. Olson 0-0: Swinging Strike
0-1: Foul Ball, location: 2F
0-2: Foul Ball, location: 2F
0-2: Ball
1-2: Strikes out looking
Batting: RHB Brandon Burrell 0-0: Ball
1-0: Foul Ball, location: 2F
1-1: Ball
2-1: Foul Ball, location: 2F
2-2: Ground out 3-1 (Groundball, 13, EV 83.1 MPH)
Batting: LHB Curt Nelson 0-0: Ball
1-0: SINGLE (Line Drive, 8LS, EV 110.6 MPH)
Batting: RHB Ike Trout 0-0: Ball
Curt Nelson steals 2nd base
1-0: Foul Ball, location: 2F
1-1: Foul Ball, location: 2F
1-2: Ball
2-2: Ball
3-2: Foul Ball, location: 2F
3-2: Foul Ball, location: 2F
3-2: Foul Ball, location: 2F
3-2: Strikes out swinging
Top of the 6th over - 0 runs, 1 hit, 0 errors, 1 left on base; Rome 5 - Boise 0
BOTTOM OF THE 6TH
Boise Hawks batting - Pitching for Rome Braves : LHP Ron Duffy
Batting: RHB Keith Giarratano 0-0: Ball
1-0: Foul Ball, location: 2F
1-1: Ball
2-1: Foul Ball, location: 2F
2-2: Ground out 6-3 (Groundball, 6, EV 85.0 MPH)
Batting: LHB Greg Valenzuela 0-0: Foul Ball, location: 2F
0-1: Called Strike
0-2: Ball
1-2: Hit by Pitch
Batting: LHB Steve Gilliam 0-0: Foul Ball, location: 2F
0-1: Ball
Greg Valenzuela is caught stealing 2nd base 2-6
1-1: Ball
2-1: Swinging Strike
2-2: Fly out, F9 (Flyball, 9S, EV 88.1 MPH)
Bottom of the 6th over - 0 runs, 0 hits, 0 errors, 0 left on base; Rome 5 - Boise 0
TOP OF THE 7TH
Rome Braves batting - Pitching for Boise Hawks : RHP Angelo Ayala
Batting: LHB Mike Tenorio 0-0: Called Strike
0-1: Swinging Strike
0-2: Foul Ball, location: 2F
0-2: Ball
1-2: Ball
2-2: Foul Ball, location: 2F
2-2: Ball
3-2: Base on Balls
Batting: RHB Badr al Din Ridha 0-0: Ball
1-0: Called Strike
1-1: Foul Ball, location: 2F
1-2: Strikes out swinging
Batting: RHB Alex Velasquez 0-0: Fielders Choice at 2nd, 4-6 (Groundball, 4, EV 83.1 MPH)
Batting: LHB Joe Phillips 0-0: Ball
1-0: Called Strike
1-1: Ball
2-1: Called Strike
Alex Velasquez steals 2nd base (no throw)
2-2: Foul Ball, location: 2F
2-2: Ball
3-2: SINGLE (Line Drive, 78M, EV 86.9 MPH)
Alex Velasquez to third
Runner from 3rd tries for Home, throw by LF and OUT! 7-2
Top of the 7th over - 0 runs, 1 hit, 0 errors, 1 left on base; Rome 5 - Boise 0
BOTTOM OF THE 7TH
Boise Hawks batting - Pitching for Rome Braves : LHP Ron Duffy
Batting: RHB Ryan Rinaldi 0-0: Called Strike
0-1: Swinging Strike
0-2: Ball
1-2: Ground out 6-3 (Groundball, 6, EV 80.6 MPH)
Batting: RHB Elias Urbina 0-0: Ball
1-0: Swinging Strike
1-1: Swinging Strike
1-2: Strikes out swinging
Batting: LHB Eddie Gonzalez 0-0: Foul Ball, location: 2F
0-1: Called Strike
0-2: Foul Ball, location: 2F
0-2: Hit by Pitch
Batting: LHB Glenn Lowther 0-0: Ball
1-0: Ball
2-0: Called Strike
2-1: Foul Ball, location: 2F
2-2: Strikes out swinging, 2-3 out at first.
Bottom of the 7th over - 0 runs, 0 hits, 0 errors, 1 left on base; Rome 5 - Boise 0
TOP OF THE 8TH
Rome Braves batting - Pitching for Boise Hawks : RHP Angelo Ayala
Batting: SHB Juan Aguilar 0-0: Ball
1-0: Swinging Strike
1-1: Foul Ball, location: 2F
1-2: Ground out 6-3 (Groundball, 6, EV 78.8 MPH)
Pitching: LHP Su-wu Pi
Batting: LHB J.P. Olson 0-0: Foul Ball, location: 2F
0-1: Ground out 4-3 (Groundball, 4M, EV 80.6 MPH)
Batting: RHB Brandon Burrell 0-0: Ball
1-0: SINGLE (Groundball, 6, EV 96.2 MPH)
Batting: LHB Curt Nelson 0-0: Ball
1-0: Called Strike
1-1: Called Strike
1-2: Strikes out swinging
Top of the 8th over - 0 runs, 1 hit, 0 errors, 1 left on base; Rome 5 - Boise 0
BOTTOM OF THE 8TH
Boise Hawks batting - Pitching for Rome Braves : LHP Ron Duffy
Batting: RHB Matt Cone 0-0: Foul Ball, location: 2F
0-1: Foul Ball, location: 2F
0-2: Foul Ball, location: 2F
0-2: Ball
1-2: Ground out 4-3 (Groundball, 4, EV 98.1 MPH)
Batting: LHB Mike Clark 0-0: Ball
1-0: Ball
2-0: Ball
3-0: Called Strike
3-1: TRIPLE (Flyball, 89XD, EV 105.0 MPH)
Pitching: RHP Jose Medina
Batting: RHB Keith Giarratano 0-0: Ball
1-0: Ground out 5-3 (Groundball, 56S, EV 86.2 MPH)
Mike Clark scores
Batting: LHB Greg Valenzuela 0-0: Called Strike
0-1: Swinging Strike
0-2: Foul Ball, location: 2F
0-2: Ball
1-2: Foul Ball, location: 2F
1-2: Ball
2-2: Foul Ball, location: 2F
2-2: Foul Ball, location: 2F
2-2: Strikes out looking
Bottom of the 8th over - 1 run, 1 hit, 0 errors, 0 left on base; Rome 5 - Boise 1
TOP OF THE 9TH
Rome Braves batting - Pitching for Boise Hawks : LHP Su-wu Pi
Pitching: LHP Juan Vargas
Batting: RHB Ike Trout 0-0: Ground out 5-3 (Groundball, 56, EV 81.2 MPH)
Batting: LHB Mike Tenorio 0-0: Ball
1-0: Ball
2-0: Foul Ball, location: 2F
2-1: Ball
3-1: Called Strike
3-2: Foul Ball, location: 2F
3-2: Foul Ball, location: 2F
3-2: Foul Ball, location: 2F
3-2: Strikes out swinging
Batting: RHB Badr al Din Ridha 0-0: Ball
1-0: Called Strike
1-1: Ball
2-1: Ground out 6-3 (Groundball, 6, EV 88.8 MPH)
Top of the 9th over - 0 runs, 0 hits, 0 errors, 0 left on base; Rome 5 - Boise 1
BOTTOM OF THE 9TH
Boise Hawks batting - Pitching for Rome Braves : RHP Jose Medina
Pitching: RHP Brendan Graham
Batting: LHB Steve Gilliam 0-0: Called Strike
0-1: Ball
1-1: Called Strike
1-2: Reached on error, E5 (Groundball, 5L, EV 86.9 MPH)
Batting: RHB Ryan Rinaldi 0-0: Ball
1-0: Fly out, F4 (Flyball, 4MD, EV 91.2 MPH)
Batting: SHB Bobby Santor 0-0: Called Strike
0-1: Foul Ball, location: 2F
0-2: Ball
1-2: Foul Ball, location: 2F
1-2: Strikes out looking
Batting: LHB Eddie Gonzalez 0-0: Fielders Choice at 2nd, 6-4 (Groundball, 6MD, EV 86.2 MPH)
Bottom of the 9th over - 0 runs, 0 hits, 1 error, 1 left on base; Rome 5 - Boise 1
Thursday, March 31st , 2022 - OOTP Baseball 22.12 Build 89